 Dungeon Crawl Stone Soup version 0.27-a0-760-gc38aae387d (webtiles) character file.

Game seed: 8655933363134268686

3250 wakim the Destroyer (level 9, -3/62 HPs)
             Began as a Demigod Conjurer on Mar 25, 2021.
             Slain by Duvessa
             ... wielding a +2 short sword of protection
              (17 damage)
             ... on level 6 of the Dungeon.
             The game lasted 00:18:24 (6373 turns).

wakim the Destroyer (Demigod Conjurer)              Turns: 6373, Time: 00:18:24

Health: -3/62      AC:  7    Str:  8    XL:     9   Next: 40%
Magic:  10/31      EV: 12    Int: 32    God:
Gold:   304        SH:  0    Dex: 12    Spells: 13/20 levels left

rFire    + . .     SeeInvis .   a - staff of conjuration
rCold    . . .     Faith    .   (no shield)
rNeg     . . .     Spirit   .   e - +0 robe
rPois    .         Reflect  .   t - +1 helmet
rElec    .         Harm     .   r - +0 cloak
rCorr    .         Rampage  .   w - +1 pair of gloves
Will     .....                  (no boots)
Stlth    ++........             (no amulet)
HPRegen  0.20/turn              n - ring of magical power
MPRegen  0.22/turn              k - ring of protection from fire

@: no status effects
A: high mp 1, forlorn
a: no special abilities


You were on level 6 of the Dungeon.
You visited 1 branch of the dungeon, and saw 6 of its levels.

You collected 304 gold pieces.

Inventory:

Hand Weapons
 b - a +1 hunting sling
Missiles
 o - 24 bolts
 s - 139 stones
 v - a curare-tipped dart
 x - 11 poisoned darts
Armour
 e - a +0 robe (worn)
 r - a +0 cloak (worn)
 t - a +1 helmet (worn)
 w - a +1 pair of gloves (worn)
Magical Staves
 a - a staff of conjuration (weapon)
Jewellery
 c - a ring of flight
 k - a ring of protection from fire (left hand)
 n - a ring of magical power (right hand)
Wands
 d - a wand of digging (6)
 h - a wand of acid (8)
 i - a wand of iceblast (11)
 y - a wand of mindburst (11)
Scrolls
 m - 2 scrolls of acquirement
 D - 2 scrolls of blinking
 F - 2 scrolls of fog
Potions
 f - a potion of berserk rage {unknown}
 g - a potion of resistance {unknown}
 j - a potion of mutation {unknown}
 l - 2 potions of brilliance {unknown}
 p - a potion of heal wounds {unknown}
 q - 3 potions of haste {unknown}
 u - a potion of cancellation {unknown}
 z - 3 potions of invisibility {unknown}
 J - 2 potions of curing {@q1}
 M - 2 potions of might


   Skills:
 + Level 5.7 Staves
 - Level 1.7 Dodging
 - Level 1.7 Stealth
 + Level 6.1 Spellcasting
 - Level 8.0 Conjurations
 - Level 2.0 Translocations
 - Level 5.0 Evocations


You had 13 spell levels left.
You knew the following spells:

 Your Spells              Type           Power      Damage    Failure   Level
a - Magic Dart            Conj           100%       1d8       1%          1
b - Iskenderun's Mystic   Conj/Tloc      58%        2d12      6%          4
x - Searing Ray           Conj           100%       3d7       1%          2

Your spell library contained the following spells:

 Spells                   Type           Power      Damage    Failure   Level
 Apportation              Tloc           44%        N/A       1%          1
 Dazzling Flash           Conj/Hex       100%       N/A       2%          3
 Animate Skeleton         Necr           18%        N/A       4%          1
 Corona                   Hex            10%        N/A       4%          1
 Summon Small Mammal      Summ           36%        N/A       4%          1
 Ensorcelled Hibernation  Hex/Ice        18%        N/A       7%          2
 Fulminant Prism          Conj/Hex       26%        3d14      9%          4
 Confusing Touch          Hex            9%         N/A       14%         3
 Tukima's Dance           Hex            9%         N/A       14%         3


Dungeon Overview and Level Annotations

Branches:
Dungeon (6/15)             Temple (0/1) D:4

Shops:
D:1 *   D:3 *

Annotations:
D:4 dig
D:6 1 runed translucent door, Duvessa; PeterMcNeter's ghost, novice VSFi


Innate Abilities, Weirdness & Mutations

Your attributes grow dramatically as you level up.
You have an increased reservoir of magic. (+10% MP)
You shall have no god before yourself.


Message History

The searing ray hits Duvessa!
Duvessa is heavily wounded.
You finish channeling your searing ray.
Duvessa hits you with a +2 short sword of protection!
Duvessa hits you with a +2 short sword of protection!
Casting: Searing Ray (safe; 1% risk of failure)
Confirm with . or Enter, or press ? or * to list all spells.
You feel a surge of power!
You erupt in a blast of force!
Duvessa is heavily wounded.
Duvessa hits you with a +2 short sword of protection!
* * * LOW HITPOINT WARNING * * *
Casting: Iskenderun's Mystic Blast (dangerous; 6% risk of failure)
Confirm with . or Enter, or press ? or * to list all spells.
You feel a surge of power!
You erupt in a blast of force!
Duvessa is heavily wounded.
Duvessa hits you with a +2 short sword of protection.
* * * LOW HITPOINT WARNING * * *
Duvessa hits you with a +2 short sword of protection!
* * * LOW HITPOINT WARNING * * *
Casting: Iskenderun's Mystic Blast (dangerous; 6% risk of failure)
Confirm with . or Enter, or press ? or * to list all spells.
You feel a surge of power!
You erupt in a blast of force!
The mystic blast hits Duvessa.
Duvessa is heavily wounded.
Duvessa is knocked back by the mystic blast.
Casting: Iskenderun's Mystic Blast (dangerous; 6% risk of failure)
Confirm with . or Enter, or press ? or * to list all spells.
Aiming: Searing Ray (safe; 1% risk of failure)
Press: ? - help, Shift-Dir - straight line, f - Duvessa
Aim: Duvessa, wielding a +2 short sword of protection, wearing a +3 scale mail of fire resistance and carrying a wand of random effects (17) (heavily wounded, berserk, 13% to evade)
You feel a surge of power!
The searing ray hits Duvessa!
Duvessa is severely wounded. (Press . to maintain the ray.) Duvessa is severely wounded.
Duvessa is severely wounded.
The searing ray hits Duvessa.
Duvessa is severely wounded.
You finish channeling your searing ray.
Duvessa hits you with a +2 short sword of protection!
You die...

#..# ####... #..#
#P.#.'# #..# #8W+...
#P.#...
#####################...
#..................'....
#.################.#....
#.############.......###
#.....e@.............# #
#..#############.##..###
#..# #........ #..#
#.##..### #.e# #.##.....
#..# #########.### #..#
..........# # #..#
########### # #..# .


You could see Duvessa (berserk).

Vanquished Creatures
  Pikel (D:6)
  A slime creature (D:6)
  Grinder (D:4)
  Prince Ribbit (D:6)
  Sigmund (D:3)
  Eustachio (D:6)
  Menkaure (D:4)
  2 water moccasins
  A black bear (D:6)
  An ice beast (D:5)
  A necrophage (D:6)
  2 ogres (D:5)
  A phantom (D:6)
  3 lemures (D:6)
  3 kobold brigands (D:6)
  A scorpion (D:4)
  Dowan (D:6)
  A water moccasin skeleton (D:5)
  A howler monkey (D:5)
  A centaur zombie (D:6)
  A gnoll shaman (D:5)
  8 jellies (D:6)
  A bullfrog skeleton (D:5)
  Terence (D:2)
  Ijyb (D:3)
  An iguana (D:4)
  A worker ant (D:4)
  2 hound skeletons (D:4)
  9 gnolls
  7 adders
  2 adder skeletons (D:4)
  2 worms (D:2)
  7 orcs
  8 ball pythons
  6 bats
  6 endoplasms
  A giant cockroach (D:3)
  4 goblins
  8 hobgoblins
  2 frilled lizards (D:1)
  17 kobolds
  3 rats
124 creatures vanquished.

Vanquished Creatures (others)
  10 fungi
  23 plants (D:2)
  10 toadstools
  2 withered plants (D:6)
45 creatures vanquished.

Grand Total: 169 creatures vanquished

Notes
Turn   | Place    | Note
-------+----------+-------------------------------------------
     0 | D:1      | wakim the Demigod Conjurer began the quest for the Orb.
     0 | D:1      | Reached XP level 1. HP: 14/14 MP: 5/5
   410 | D:1      | Reached XP level 2. HP: 20/20 MP: 5/7
   491 | D:1      | Learned a level 2 spell: Searing Ray
   492 | D:1      | Reached skill level 4 in Conjurations
   554 | D:1      | Found Haecsuaf's Assorted Antiques.
  1294 | D:2      | Reached XP level 3. HP: 26/26 MP: 2/9
  1729 | D:2      | Identified a scroll of acquirement
  1729 | D:2      | Acquired a staff of conjuration
  2103 | D:2      | Noticed Terence
  2108 | D:2      | Killed Terence
  2109 | D:2      | Reached XP level 4. HP: 33/33 MP: 4/10
  2477 | D:3      | Found Emawk's Assorted Antiques.
  2551 | D:3      | Noticed Ijyb
  2668 | D:3      | Reached skill level 1 in Staves
  2736 | D:3      | Noticed Sigmund
  2739 | D:3      | Killed Sigmund
  2740 | D:3      | Reached skill level 5 in Conjurations
  2740 | D:3      | Reached skill level 1 in Evocations
  2740 | D:3      | Reached XP level 5. HP: 38/38 MP: 5/12
  2855 | D:4      | Reached XP level 6. HP: 45/45 MP: 8/13
  2976 | D:4      | Noticed Menkaure
  2983 | D:4      | Killed Menkaure
  3360 | D:4      | Identified the +4 mace of the Endless Expanse {venom,
                  | *Corrode rF+ rC+ Dex+4}
  3714 | D:4      | Noticed Grinder
  3720 | D:4      | Killed Grinder
  3721 | D:4      | Reached skill level 6 in Conjurations
  3721 | D:4      | Reached XP level 7. HP: 20/50 MP: 15/15
  4094 | D:3      | Killed Ijyb
  4203 | D:5      | Entered Level 5 of the Dungeon
  4354 | D:5      | Noticed an Executioner
  4354 | D:5      | Noticed an angel
  4673 | D:5      | Reached skill level 7 in Conjurations
  4673 | D:5      | Reached XP level 8. HP: 57/57 MP: 17/17
  5093 | D:5      | Learned a level 4 spell: Iskenderun's Mystic Blast
  5279 | D:6      | Reached skill level 1 in Translocations
  5552 | D:6      | Noticed Prince Ribbit
  5559 | D:6      | Killed Prince Ribbit
  5640 | D:6      | Noticed Pikel
  5655 | D:6      | Killed Pikel
  5656 | D:6      | Reached skill level 5 in Spellcasting
  5656 | D:6      | Reached skill level 8 in Conjurations
  5656 | D:6      | Reached XP level 9. HP: 43/62 MP: 15/20
  5964 | D:6      | Reached skill level 5 in Staves
  5964 | D:6      | Reached skill level 5 in Evocations
  6265 | D:6      | Found a runed translucent door.
  6265 | D:6      | Noticed PeterMcNeter's ghost (novice VSFi)
  6288 | D:6      | Noticed Eustachio
  6292 | D:6      | Killed Eustachio
  6352 | D:6      | Noticed Dowan
  6354 | D:6      | Noticed Duvessa
  6364 | D:6      | Killed Dowan
  6373 | D:6      | Slain by Duvessa

Illustrated notes

Levels and vault maps discovered:
D:1:      lightli_arrival_chessboard, layout_basic, serial_shops,
          nicolae_shop_overgrown_old_shop
D:2:      layout_loops_ring, chequers_ecumenical_altar_island,
          serial_bayou_lagoon_b, uniq_terence
D:3:      layout_basic, serial_shops, nicolae_shop_overgrown_old_shop,
          uniq_sigmund, uniq_ijyb
D:4:      minmay_inner_zag, layout_cave_pools,
          grunt_temple_overflow_growth_and_decay,
          minmay_temple_entry_from_below_b, eino_tiny_chamber,
          minmay_gold_behind_fungi, uniq_menkaure, uniq_grinder
D:5:      layout_cave_pools, grunt_temple_overflow_order_and_chaos_2,
          okawaru_altar_gauntlet_db
D:6:      cheibrodos_fertilizer, layout_basic, gammafunk_ghost_grave,
          grunt_decor_resistance, uniq_duvessa, uniq_pikel, uniq_eustachio,
          uniq_prince_ribbit1

Skill      XL: |  1  2  3  4  5  6  7  8  9 |
---------------+----------------------------+-----
Spellcasting   | 2 3 4 5 6 |  6.1
Conjurations   | 4 5 6 7 8 |  8.0
Staves         | 1 2 3 4 5 |  5.7
Evocations     | 1 2 3 4 5 |  5.0
Translocations | 2 |  2.0
Dodging        | |  1.7
Stealth        | |  1.7

Action                   |  1- 3 |  4- 6 |  7- 9 || total
-------------------------+-------+-------+-------++-------
Melee: Whip              |     3 |       |       ||     3
       Staff             |       |     5 |     8 ||    13
 Fire: Hunting sling     |     9 |       |       ||     9
 Cast: Magic Dart        |    38 |    24 |    31 ||    93
       Searing Ray       |    18 |    15 |    45 ||    78
       Iskenderun's Myst |       |       |     5 ||     5
  Use: Scroll            |     7 |     3 |     4 ||    14
 Stab: Sleeping          |       |     1 |       ||     1
Armor: Robe              |     2 |     2 |     5 ||     9
Dodge: Dodged            |     4 |     7 |    28 ||    39

Table legend: (Time is in decaauts)
 A = Elapsed time spent in this place.
 B = Non-inter-level travel time spent in this place.
 C = Inter-level travel time spent in this place.
 D = Time resting spent in this place.
 E = Time spent auto-exploring this place.
 F = Levels seen in this place.
 G = Mean time per level.
                   A        B        C        D        E       F      G
               +--------+--------+--------+--------+--------+-----+--------+
         Total |   6399 |   6270 |    129 |     37 |   5417 |   6 | 1066.5 |
       Dungeon |   6399 |   6270 |    129 |     37 |   5417 |   6 | 1066.5 |
               +--------+--------+--------+--------+--------+-----+--------+

Top non-repeatable levels by time:
     D:2: 1296 daAuts
     D:6: 1272 daAuts
     D:1: 1208 daAuts
     D:4: 1204 daAuts
     D:5: 896 daAuts
     D:3: 521 daAuts
